 Dungeon Crawl Stone Soup version 0.31-a0-831-g143b1e81fc (webtiles) character file.

Game seed: 6282860015499956762

14751 Dirtsage the Cleaver (level 11, -9/91 HPs)
             Began as a Demonspawn Berserker on Sept 24, 2023.
             Was a High Priest of Trog.
             Mangled by a titanic slime creature (74 damage)
             ... on level 11 of the Dungeon.
             The game lasted 00:18:04 (9566 turns).

Dirtsage the Cleaver (Demonspawn Berserker)         Turns: 9566, Time: 00:18:05

Health: -9/91      AC: 15    Str: 22    XL:     11   Next: 92%
Magic:  11/11      EV: 14    Int:  8    God:    Trog [*****.]
Gold:   835        SH:  5    Dex: 13    Spells: 10/10 levels left

rFire   . . .        C - +2 battleaxe (flame)
rCold   . . .        (shield currently unavailable)
rNeg    + . .        D - +4 ring mail
rPois   .            (helmet unavailable)
rElec   .            x - +0 cloak
rCorr   .            z - +0 pair of gloves
SInv    +            (no boots)
Will    .....        w - amulet of reflection
Stlth   +            j - +4 ring of slaying
HPRegen 0.35/turn    N - ring of positive energy
MPRegen 0.12/turn

%: reflection
@: no status effects
A: antennae 3, rugged brown scales 2, demonic guardian 1, powered by death 1
a: Renounce Religion, Berserk, Trog's Hand, Brothers in Arms


You were on level 11 of the Dungeon.
You worshipped Trog.
Trog was extremely pleased with you.
You visited 1 branch of the dungeon, and saw 11 of its levels.

You collected 869 gold pieces.
You spent 34 gold pieces at shops.

Inventory:

Hand Weapons
 a - a +0 hand axe
 c - the +9 quarterstaff of Ruination {spect, Int+3}
   (You found it on level 6 of the Dungeon)

   Int+3:     It affects your intelligence (+3).
 n - a +2 flail of venom
 C - a +2 battleaxe of flaming (weapon)
Missiles
 L - 2 throwing nets
Armour
 p - a +0 chain mail
 x - a +0 cloak (worn)
 z - a +0 pair of gloves (worn)
 D - a +4 ring mail (worn)
 I - a +0 kite shield
Jewellery
 j - a +4 ring of slaying (left hand)
 w - an amulet of reflection (around neck)
 N - a ring of positive energy (right hand)
Talismans
 A - a granite talisman
Wands
 E - a wand of iceblast (13)
 J - a wand of flame (30)
Scrolls
 d - a scroll of revelation
 e - 6 scrolls of teleportation {unknown}
 f - 2 scrolls of torment
 g - 5 scrolls of fear
 h - 2 scrolls of enchant armour
 i - 2 scrolls of identify
 k - 4 scrolls of noise
 r - 3 scrolls of enchant weapon
 s - a scroll of poison
 v - a scroll of silence
 y - a scroll of brand weapon {unknown}
 B - a scroll of blinking
 F - 3 scrolls of amnesia
 G - a scroll of fog
 O - a scroll of vulnerability {unknown}
Potions
 b - 2 potions of enlightenment {unknown}
 l - 3 potions of heal wounds
 m - 2 potions of attraction
 o - a potion of mutation {unknown}
 q - 3 potions of curing
 t - 2 potions of brilliance {unknown}
 u - a potion of invisibility {unknown}
 H - a potion of haste {unknown}
 K - a potion of might {unknown}
 M - a potion of lignification {unknown}


   Skills:
 + Level 8.6 Fighting
 * Level 13.0 Axes
 + Level 7.5 Armour
 + Level 7.5 Dodging


You had 10 spell levels left.
You didn't know any spells.
Your spell library contained the following spells:

 Spells                   Type           Power      Damage    Failure   Level
 Lesser Beckoning         Tloc           0%         N/A       69%         2
 Scorch                   Fire           0%         2d5       69%         2
 Gell's Gravitas          Tloc           0%         N/A       89%         3
 Teleport Other           Tloc           0%         N/A       89%         3
 Flame Wave               Conj/Fire      0%         2d4       100%        4
 Summon Cactus Giant      Summ           0%         N/A       100%        6


Dungeon Overview and Level Annotations

Branches:
Dungeon (11/15)            Temple (0/1) D:6            Lair (0/5) D:9
    Orc (0/2) D:10

Altars:
Ashenzari
Cheibriados
Gozag
Hepliaklqana
Nemelex Xobeh
Okawaru
Ru
Sif Muna
Trog
Uskayaw
Wu Jian

Shops:
D:9 *


Innate Abilities, Weirdness & Mutations

You have a pair of large antennae on your head. (SInv)
You are mostly covered in rugged brown scales. (AC +2, +5% HP)
A weak demonic guardian rushes to your aid.
You regenerate a little health from kills.


Message History

The large slime creature hits you!! The vampire mosquito barely misses you.
You are too injured to fight recklessly!
You take 35 damage, and have 52/91 hp.
MASSIVE DAMAGE!!
You are too injured to fight recklessly!
You are too injured to fight recklessly!
You are too injured to fight recklessly!
You are too injured to fight recklessly!
You are too injured to fight recklessly!
You are too injured to fight recklessly!
You are too injured to fight recklessly!
You are too injured to fight recklessly!
You are too injured to fight recklessly!
You are too injured to fight recklessly!
The vampire mosquito attacks as it pursues you!
The vampire mosquito closely misses you.
Two slime creatures merge to form an enormous slime creature.
You miss the vampire mosquito.
The vampire mosquito is severely damaged.
The vampire mosquito bites you but does no damage. x2
You slice the vampire mosquito!! You burn the vampire mosquito.
The vampire mosquito is almost destroyed.
You slash the vampire mosquito! You burn the vampire mosquito.
You destroy the vampire mosquito!
Trog accepts your kill. The vampire mosquito misses you.
You hit the vampire mosquito. You burn the vampire mosquito.
You destroy the vampire mosquito!
Trog accepts your kill.
Your Axes skill increases to level 13!
You regained 3 hp, and now have 57/91 hp.
Two slime creatures merge to form a titanic slime creature.
You regained 2 hp, and now have 59/91 hp.
You regained 2 hp, and now have 61/91 hp.
There is an open door here.
The titanic slime creature attacks as it pursues you!
The titanic slime creature barely misses you.
The titanic slime creature attacks as it pursues you!
The titanic slime creature hits you!!!!
Ouch! That really hurt!
You die...

########
############......#
.......'...#......#
.......#†..'......#
.......#...#......#
.......#...#.y....#
......######J.....#
######
......#.....@.#####
##...#.
......#.......#
##.....#
......#.......#
#..♣.♣.# #.......#
+...>... #.......#
#..♣.♣.. #.......#
##......
########.......#
##...##
...............#
#..#####'
...............#
#......#.


You could see a titanic slime creature and a vampire mosquito.

Vanquished Creatures
  Harold (D:9)
  2 two-headed ogres
  Lodul (D:11)
  Pikel (D:9)
  A manticore (D:11)
  Joseph (D:8)
  3 unseen horrors
  2 komodo dragons
  A troll (D:10)
  2 hornets
  3 wyverns
  Sigmund (D:3)
  16 yaks
  A vampire (D:11)
  4 shadows
  2 steam dragons (D:8)
  Edmund (D:4)
  5 vampire mosquitoes (D:11)
  An acid dragon (D:6)
  2 sky beasts (D:6)
  2 orc warriors (D:11)
  An ice beast (D:7)
  9 ogres
  5 centaurs
  A lemure (D:9)
  3 phantoms
  4 bullfrogs
  A scorpion (D:6)
  3 gnoll sergeants
  13 wights
  5 killer bees (D:8)
  3 howler monkeys
  5 hounds
  5 jellies
  Crazy Yiuf (D:3)
  5 orc priests
  3 sleepcaps
  2 gnoll boudas
  3 iguanas
  6 orc wizards
  Robin (D:3)
  21 gnolls
  8 adders
  A shadow imp (D:8)
  2 worms (D:2)
  2 dart slugs
  29 orcs
  3 endoplasms
  2 giant cockroaches
  6 hobgoblins
  4 jackals
  3 quokkas
  5 ball pythons
  6 bats
  3 frilled lizards (D:2)
  16 goblins
  11 kobolds
  5 rats
259 creatures vanquished.

Notes
Turn   | Place    | Note
-------+----------+-------------------------------------------
     0 | D:1      | Dirtsage the Demonspawn Berserker began the quest for the
                  | Orb.
     0 | D:1      | Reached XP level 1. HP: 18/18 MP: 1/1
   137 | D:1      | Reached skill level 3 in Axes
   142 | D:1      | Gained mutation: You have a pair of small antennae on your
                  | head. [demonic ancestry]
   142 | D:1      | Reached XP level 2. HP: 19/24 MP: 2/2
   695 | D:2      | Reached XP level 3. HP: 25/29 MP: 3/3
   807 | D:2      | Reached skill level 4 in Axes
   883 | D:2      | Reached ** piety under Trog
  1055 | D:2      | Gained mutation: You have a pair of antennae on your head.
                  | [demonic ancestry]
  1055 | D:2      | Reached XP level 4. HP: 35/35 MP: 4/4
  1327 | D:3      | Noticed Robin
  1334 | D:3      | Killed Robin
  1335 | D:3      | Reached skill level 5 in Axes
  1361 | D:3      | Reached XP level 5. HP: 7/41 MP: 5/5
  1558 | D:3      | Noticed Sigmund
  1563 | D:3      | Killed Sigmund
  1564 | D:3      | Reached skill level 6 in Axes
  1564 | D:3      | Gained mutation: You are partially covered in rugged brown
                  | scales. (AC +1, +3% HP) [demonic ancestry]
  1564 | D:3      | Reached XP level 6. HP: 48/48 MP: 6/6
  1645 | D:3      | Found a bloodstained altar of Trog.
  1646 | D:3      | Found a snail-covered altar of Cheibriados.
  2013 | D:3      | Found a faded altar of an unknown god.
  2140 | D:3      | Found a runed translucent door.
  2141 | D:3      | Noticed Crazy Yiuf
  2149 | D:3      | Killed Crazy Yiuf
  2376 | D:4      | Reached *** piety under Trog
  2393 | D:4      | Found a hazy altar of Hepliaklqana.
  2575 | D:4      | Reached skill level 7 in Axes
  2910 | D:4      | Gained mutation: You regenerate a little health from kills.
                  | [demonic ancestry]
  2910 | D:4      | Reached XP level 7. HP: 53/53 MP: 7/7
  2938 | D:4      | Noticed Edmund
  2966 | D:4      | Killed Edmund
  2967 | D:4      | Reached skill level 8 in Axes
  3289 | D:4      | Found an opulent altar of Gozag.
  3684 | D:5      | Entered Level 5 of the Dungeon
  3684 | D:5      | Found a sparkling altar of Nemelex Xobeh.
  4295 | D:6      | Gained mutation: A weak demonic guardian rushes to your
                  | aid. [demonic ancestry]
  4295 | D:6      | Reached XP level 8. HP: 60/60 MP: 8/8
  4379 | D:6      | Identified the +2 sling of the Mind {freeze, rC- rCorr
                  | Int+3}
  4461 | D:6      | Reached skill level 9 in Axes
  4578 | D:6      | Gained mutation: You have a pair of large antennae on your
                  | head. (SInv) [demonic ancestry]
  4578 | D:6      | Reached XP level 9. HP: 63/67 MP: 9/9
  4611 | D:6      | Identified the +9 quarterstaff of Ruination {spect, Int+3}
  4743 | D:6      | Found a broken altar of Ashenzari.
  4744 | D:6      | Found an ornate altar of the Wu Jian Council.
  4786 | D:6      | Found a staircase to the Ecumenical Temple.
  4867 | D:6      | Reached skill level 5 in Fighting
  5355 | D:7      | Found a sacrificial altar of Ru.
  5527 | D:7      | Reached **** piety under Trog
  5617 | D:7      | Reached skill level 10 in Axes
  5808 | D:7      | Found an iron altar of Okawaru.
  6369 | D:8      | Reached skill level 5 in Dodging
  6412 | D:8      | Found a hide-covered altar of Uskayaw.
  6466 | D:8      | Reached skill level 5 in Armour
  6742 | D:8      | Gained mutation: You are mostly covered in rugged brown
                  | scales. (AC +2, +5% HP) [demonic ancestry]
  6742 | D:8      | Reached XP level 10. HP: 51/79 MP: 10/10
  6912 | D:8      | Noticed Joseph
  6916 | D:8      | Killed Joseph
  7506 | D:9      | Noticed Harold
  7510 | D:9      | Killed Harold
  7511 | D:9      | Reached skill level 11 in Axes
  7576 | D:9      | Noticed a two-headed ogre
  7583 | D:9      | Killed a two-headed ogre
  7981 | D:9      | Found a shimmering blue altar of Sif Muna.
  8019 | D:9      | Noticed Pikel
  8028 | D:9      | Killed Pikel
  8081 | D:9      | Found a staircase to the Lair.
  8263 | D:9      | Found Gyrayneg's General Store.
  8266 | D:9      | Bought a scroll of identify for 34 gold pieces
  8327 | D:10     | Entered Level 10 of the Dungeon
  8338 | D:10     | Reached XP level 11. HP: 67/88 MP: 11/11
  8494 | D:10     | Noticed a two-headed ogre
  8503 | D:10     | Paralysed by a hornet for 2 turns
  8507 | D:10     | Killed a two-headed ogre
  8508 | D:10     | Reached skill level 12 in Axes
  8735 | D:10     | Found a staircase to the Orcish Mines.
  9055 | D:11     | Reached ***** piety under Trog
  9364 | D:11     | Identified the +2 quarterstaff "Ynniext" {heavy, rN+ Dex+3}
  9381 | D:11     | Noticed Lodul
  9397 | D:11     | Killed Lodul
  9560 | D:11     | Reached skill level 13 in Axes
  9566 | D:11     | Mangled by a titanic slime creature

Illustrated notes

Levels and vault maps discovered:
D:1:      dpeg_arrival_ternary, layout_rooms
D:2:      layout_rooms
D:3:      layout_loops_ring, grunt_temple_overflow_open,
          shapermc_ecumenical_altar_venn, uniq_robin, uniq_sigmund,
          uniq_crazy_yiuf_cottage
D:4:      layout_basic, nzn_hepliaklqana_mist_gate,
          nicolae_gozag_cash_rules_everything_around_me, uniq_edmund
D:5:      layout_rooms, mainiacjoe_overflow_tiny_flanked,
          kennysheep_small_square
D:6:      hangedman_cross_stitches, layout_cave_pods,
          gammafunk_temple_overflow_pools, minmay_temple_entry_slanted
D:7:      layout_loops_corners, hangedman_ru_absence,
          mainiacjoe_overflow_catwalk, st_stairs_9
D:8:      layout_loops_corners, nicolae_uskayaw_dance_hall,
          chequers_hall_statues_corner_a, uniq_joseph
D:9:      layout_loops_ring, lemuel_crystal_altar, david_lair_shrubbed,
          serial_shops, nicolae_shop_behind_doors, uniq_harold, uniq_pikel
D:10:     layout_rooms, orc_0_dummy
D:11:     minmay_s_stair_smasher, layout_gridville, kennysheep_small_circle,
          uniq_lodul

Skill      XL: |  1  2  3  4  5  6  7  8  9 10 11 |
---------------+----------------------------------+-----
Axes           | 3 4 5 6 7 8 9 10 11 13 | 13.0
Armour         | 2 3 5 6 7 |  7.5
Dodging        | 2 3 5 6 7 |  7.5
Fighting       | 4 6 7 8 |  8.6

Action                     |  1- 3 |  4- 6 |  7- 9 | 10-12 || total
---------------------------+-------+-------+-------+-------++-------
  Melee: Hand axe          |   132 |   148 |   187 |       ||   467
         Punch             |       |     2 |     1 |       ||     3
         Battleaxe         |       |       |   114 |   180 ||   294
 Invoke: Berserk           |     2 |     3 |     7 |     5 ||    17
         Trog's Hand       |       |       |       |     1 ||     1
    Use: Potion            |       |     1 |     1 |       ||     2
         Scroll            |       |     5 |     3 |     5 ||    13
 Armour: Animal skin       |    28 |       |       |       ||    28
         Ring mail         |    48 |    11 |    86 |   126 ||   271
         Chain mail        |       |    73 |   105 |       ||   178
  Dodge: Dodged            |    97 |    45 |   159 |   129 ||   430
  Block: Other             |       |    20 |    65 |    45 ||   130
         Reflection        |       |       |     1 |     7 ||     8

Table legend: (Time is in decaauts)
 A = Elapsed time spent in this place.
 B = Non-inter-level travel time spent in this place.
 C = Inter-level travel time spent in this place.
 D = Time resting spent in this place.
 E = Time spent auto-exploring this place.
 F = Levels seen in this place.
 G = Mean time per level.
                   A        B        C        D        E       F      G
               +--------+--------+--------+--------+--------+-----+--------+
         Total |   9727 |   9278 |    449 |    659 |   6984 |  11 |  884.3 |
       Dungeon |   9727 |   9278 |    449 |    659 |   6984 |  11 |  884.3 |
               +--------+--------+--------+--------+--------+-----+--------+

Top non-repeatable levels by time:
     D:3: 1436 daAuts
     D:8: 1229 daAuts
     D:6: 1085 daAuts
     D:4: 1036 daAuts
     D:7: 993 daAuts
     D:9: 863 daAuts
    D:10: 733 daAuts
     D:1: 676 daAuts
     D:2: 599 daAuts
    D:11: 540 daAuts
     D:5: 534 daAuts
